 Dungeon Crawl Stone Soup version 0.22-a0-553-g9358b0b (webtiles) character file.

443 robertstho the Shooter (level 7, -2/68 HPs)
             Began as an Ogre Hunter on June 25, 2018.
             Slain by a black bear (4 damage)
             ... on level 7 of the Dungeon.
             The game lasted 00:13:06 (3625 turns).

robertstho the Shooter (Ogre Hunter)                Turns: 3625, Time: 00:13:06

Health: -2/68      AC:  3    Str: 17    XL:     7   Next: 2%
Magic:  7/7        EV: 10    Int: 12    God:
Gold:   248        SH:  0    Dex: 11    Spells: 6/6 levels left

rFire    . . .     SeeInvis .   a - +1 shortbow
rCold    . . .     Gourm    .   (shield currently unavailable)
rNeg     . . .     Faith    .   c - +0 robe
rPois    +         Spirit   .   (helmet restricted)
rElec    .         Reflect  .   (no cloak)
rCorr    .         Harm     .   (gloves unavailable)
MR       .....                  (boots unavailable)
Stlth    +.........             (no amulet)
HPRegen  0.21/turn              k - ring of poison resistance
MPRegen  0.10/turn              (no ring)

@: no status effects
A: large, unfitting armour, tough skin 1
a: no special abilities


You were on level 7 of the Dungeon.
You were not hungry.

You visited 1 branch of the dungeon, and saw 5 of its levels.

You collected 248 gold pieces.

Inventory:

Hand Weapons
 a - a +1 shortbow (weapon)
 i - a +0 short sword of venom
Missiles
 d - 21 arrows (quivered)
 v - 38 bolts
Armour
 c - a +0 robe (worn)
Jewellery
 k - a ring of poison resistance (left hand)
Wands
 w - a wand of disintegration (10)
Scrolls
 e - a scroll of enchant weapon {unknown}
 g - 4 scrolls of identify
 j - a scroll of random uselessness {unknown}
 l - 3 scrolls of teleportation
 m - 2 scrolls of blinking {unknown}
 o - 3 scrolls of remove curse
 q - 2 scrolls of noise {unknown}
 t - 2 scrolls of amnesia {unknown}
 x - a scroll of enchant armour {unknown}
Potions
 b - 3 potions of curing
 h - 3 potions of berserk rage
 p - a potion of invisibility {unknown}
 r - a potion of haste {unknown}
 u - a potion of might {unknown}
Comestibles
 f - 9 rations
 n - 2 chunks of flesh


   Skills:
 + Level 3.9 Fighting
 * Level 5.6 Bows
 * Level 2.7 Dodging
 + Level 0.8 Stealth


You had 6 spell levels left.
You didn't know any spells.
Your spell library was empty.

Dungeon Overview and Level Annotations

Branches:
Dungeon (4/15)
 Temple: D:4-7

Altars:


Innate Abilities, Weirdness & Mutations

You are too large for most types of armour.
You have tough skin. (AC +1)


Message History

The black bear claws you but does no damage.
The black bear barely misses you. The black bear claws you. x2
You are too injured to fight recklessly!
You are too injured to fight recklessly!
You are too injured to fight recklessly!
You are too injured to fight recklessly!
You are too injured to fight recklessly!
The black bear bites you.
* * * LOW HITPOINT WARNING * * *
The black bear claws you but does no damage.
The black bear claws you.
* * * LOW HITPOINT WARNING * * *
The black bear bites you!
* * * LOW HITPOINT WARNING * * *
The black bear claws you but does no damage.
The black bear claws you.
* * * LOW HITPOINT WARNING * * *
The black bear rages.
The black bear bites you.
You die...

...........# #.#
..##....#.<# #.#
...#....#..####.###
#..#....#.........#
#..#....#.#####.#.#
#..#....#.# #.#.#
(.(.....#.# #.#.##
#(.(......#####....#####
#...#((.รท((....h@......#
#...##..########...###.#
........# ##.## #.#
.......## #.# #.#
#.###### #.# #.# #.#
#####.####.# #.#
#..........# (.#
#.##.####### ### #.##.#


You could see a black bear (berserk).

Vanquished Creatures
  A centaur (D:7)
  A crocodile (D:7)
  A crimson imp (D:7)
  An orc priest (D:3)
  An iguana (D:7)
  2 worker ants (D:4)
  A worker ant zombie (D:7)
  2 adders
  An ooze (D:3)
  An adder zombie (D:2)
  4 worms
  3 dart slugs
  8 leopard geckos
  5 orcs
  A ball python (D:1)
  12 bats
  4 giant cockroaches
  8 goblins
  7 hobgoblins
  4 jackals (D:3)
  7 kobolds
  8 frilled lizards
  16 rats
99 creatures vanquished.

Vanquished Creatures (others)
  A plant (D:7)
1 creature vanquished.

Grand Total: 100 creatures vanquished

Notes
Turn   | Place    | Note
-------+----------+-------------------------------------------
     0 | D:1      | robertstho the Ogre Hunter began the quest for the Orb.
     0 | D:1      | Reached XP level 1. HP: 22/22 MP: 1/1
    16 | D:1      | Reached skill level 3 in Bows
   230 | D:1      | Reached XP level 2. HP: 29/29 MP: 2/2
   831 | D:2      | Reached XP level 3. HP: 36/36 MP: 3/3
  1378 | D:2      | Reached XP level 4. HP: 45/45 MP: 4/4
  1792 | D:3      | Reached skill level 4 in Bows
  1862 | D:3      | Reached XP level 5. HP: 35/53 MP: 5/5
  3163 | D:4      | You fall through a shaft for 3 floors!
  3205 | D:7      | Noticed a centaur
  3211 | D:7      | Killed a centaur
  3211 | D:7      | Reached skill level 5 in Bows
  3211 | D:7      | Reached XP level 6. HP: 26/62 MP: 6/6
  3294 | D:7      | Noticed a black bear
  3295 | D:7      | Noticed a sky beast
  3592 | D:7      | Reached XP level 7. HP: 50/68 MP: 7/7
  3623 | D:7      | HP: 2/68 [black bear (3)]
  3625 | D:7      | Slain by a black bear

Vault maps used:
D:1:      sevenhm_arrival_forest_fort_small_4, patterned_corridor
D:2:      minmay_door_path
D:3:      first_ration, serial_co_window_serial, co_window_paths_a,
          co_window_corner_a, co_window_of_opportunity_a, co_window_paths_b,
          co_window_of_opportunity_a, co_window_paths_a, co_window_corner_a,
          co_window_paths_a, co_window_of_opportunity_a, co_window_2corner,
          co_window_cross_4, co_window_broadway_b, glass_columns_c,
          glass_columns_b, glass_columns_a, glass_columns_a, glass_columns_a,
          minmay_randomly_rotated_circles
D:4:      corexii_shack_village
D:7:      minmay_lizard_king

Skill      XL: |  1  2  3  4  5 |
---------------+----------------+-----
Bows           | 3 4 5 |  5.6
Dodging        | 2 |  2.7
Fighting       | 3 |  3.9
Stealth        | |  0.8

Action                   |  1- 3 |  4- 6 |  7- 9 || total
-------------------------+-------+-------+-------++-------
 Fire: Shortbow          |    91 |   225 |     9 ||   325
  Use: Scroll            |       |     7 |       ||     7
       Potion            |       |     1 |       ||     1
  Eat: Chunk             |     1 |     7 |       ||     8
Armor: Robe              |     3 |    23 |     4 ||    30
Dodge: Dodged            |    13 |    47 |     6 ||    66

Table legend:
 A = Spawn XP
 B = Non-spawn XP
 C = Spawn XP percentage of total XP
 D = Spawn monster count
 E = Non-spawn monster count
 F = Spawn count percentage of total count
 G = Total turns spent on level
                    A         B        C        D         E        F      G
               +---------+---------+-------+---------+---------+-------+---------
         Total |       0 |     634 |   0.0 |       0 |      99 |   0.0 |  3625
               +---------+---------+-------+---------+---------+-------+---------
           D:1 |       0 |      29 |   0.0 |       0 |      19 |   0.0 |   775
           D:2 |       0 |      57 |   0.0 |       0 |      23 |   0.0 |   828
           D:3 |       0 |     139 |   0.0 |       0 |      40 |   0.0 |  1232
           D:4 |       0 |      76 |   0.0 |       0 |       7 |   0.0 |   328
           D:7 |       0 |     333 |   0.0 |       0 |      10 |   0.0 |   462
               +---------+---------+-------+---------+---------+-------+---------
